 Dungeon Crawl Stone Soup version 0.22-a0-799-g88f5e90 (webtiles) character file.

30775 iamserjio the Arsonist (level 13, -4/74 HPs)
             Began as a Tengu Fire Elementalist on July 20, 2018.
             Was an Elder of Vehumet.
             Slain by a dire elephant (14 damage)
             ... on level 6 of the Lair of Beasts on July 21, 2018.
             The game lasted 01:45:27 (7998 turns).

iamserjio the Arsonist (Tengu Fire Elementalist)    Turns: 7998, Time: 01:45:28

Health: -4/74      AC:  5    Str:  9    XL:     13   Next: 53%
Magic:  11/30      EV: 18    Int: 19    God:    Vehumet [****..]
Gold:   891        SH:  0    Dex: 16    Spells: 10/36 levels left

rFire    + . .     SeeInvis .   T - +0 falchion (elec)
rCold    . . .     Gourm    .   (no shield)
rNeg     . . .     Faith    .   Z - +2 robe {rC+}
rPois    +         Spirit   .   (helmet restricted)
rElec    .         Reflect  .   A - +0 cloak
rCorr    .         Harm     .   (no gloves)
MR       .....                  (boots unavailable)
Stlth    +.........             b - amulet of regeneration
HPRegen  0.62/turn              h - ring of poison resistance
MPRegen  0.22/turn              k - ring of fire

@: very slow
A: beak, talons 3, able to fly 1
a: Fly, Renounce Religion


You were on level 6 of the Lair of Beasts.
You worshipped Vehumet.
Vehumet was greatly pleased with you.
You were not hungry.

You visited 4 branches of the dungeon, and saw 17 of its levels.

You collected 891 gold pieces.

Inventory:

Hand Weapons
 G - a +5 whip
 J - a +2 mace of holy wrath
 R - a +3 dagger
 T - a +0 falchion of electrocution (weapon)
Missiles
 m - 82 arrows
Armour
 g - a +0 troll leather armour
 A - a +0 cloak (worn)
 Z - a +2 robe of cold resistance (worn)
Magical Staves
 I - an uncursed staff of earth
Jewellery
 b - an amulet of regeneration (around neck)
 h - a ring of poison resistance (left hand)
 k - a ring of fire (right hand)
 q - an uncursed ring of ice
 H - a +4 amulet of reflection
Wands
 z - a wand of polymorph (13)
 L - a wand of iceblast (7)
 Y - a wand of digging (20)
Scrolls
 d - 2 scrolls of immolation
 n - a scroll of noise {unknown}
 p - a scroll of enchant armour {unknown}
 s - 2 scrolls of holy word {unknown}
 t - 3 scrolls of remove curse {@r2}
 u - a scroll of vulnerability {unknown}
 v - 2 scrolls of fear
 w - 4 scrolls of teleportation
 x - 2 scrolls of fog
 y - 3 scrolls of enchant weapon
 D - 3 scrolls of amnesia
 F - 4 scrolls of blinking
 O - 2 scrolls of magic mapping
Potions
 i - 3 potions of flight
 j - 8 potions of curing {@q1}
 l - 4 potions of mutation
 o - 2 potions of brilliance
 r - 2 potions of might
 C - 2 potions of magic {unknown}
 E - a potion of resistance {unknown}
 K - 2 potions of heal wounds
 S - 4 potions of lignification
 U - a potion of degeneration {unknown}
 V - a potion of invisibility {unknown}
Miscellaneous
 X - a phial of floods (inert)
Comestibles
 c - 32 rations


   Skills:
 - Level 6.0 Fighting
 + Level 8.4 Dodging
 - Level 2.0 Stealth
 + Level 12.4 Spellcasting
 + Level 13.2 Conjurations
 * Level 13.7 Fire Magic


You had 10 spell levels left.
You knew the following spells:

 Your Spells              Type           Power        Failure   Level  Hunger
a - Flame Tongue          Conj/Fire      #####        0%          1    None
b - Conjure Flame         Conj/Fire      #######.     1%          3    None
c - Fireball              Conj/Fire      #######...   1%          5    ####...
d - Sticky Flame          Conj/Fire      #######.     1%          4    #......
e - Mephitic Cloud        Conj/Pois/Air  ####....     1%          3    None
f - Throw Flame           Conj/Fire      ######       1%          2    None
g - Blink                 Tloc           N/A          9%          2    None
h - Passwall              Tmut/Erth      ##......     9%          2    None
i - Iskenderun's Mystic   Conj           ######..     1%          4    #......

Your spell library contained the following spells:

 Spells                   Type           Power        Failure   Level  Hunger
 Magic Dart               Conj           ####         1%          1    None
 Slow                     Hex            ##......     9%          2    None
 Venom Bolt               Conj/Pois      #####.....   3%          5    ####...
 Olgreb's Toxic Radiance  Pois           ##......     16%         4    #......
 Summon Small Mammal      Summ           ##..         6%          1    None
 Call Imp                 Summ           ##......     9%          2    None
 Sting                    Conj/Pois      ####         1%          1    None
 Stone Arrow              Conj/Erth      #####.       1%          3    None
 Recall                   Summ/Tloc      N/A          17%         3    None
 Dispersal                Tloc           ##........   100%        6    ######.
 Lee's Rapid Deconstruct  Erth           ##........   36%         5    ####...
 Sandblast                Erth           ##....       1%          1    None
 Portal Projectile        Hex/Tloc       ##....       17%         3    None
 Petrify                  Tmut/Erth      ##......     50%         4    #......
 Shroud of Golubria       Chrm/Tloc      ##........   9%          2    None
 Inner Flame              Hex/Fire       ######..     1%          3    None
 Disjunction              Tloc           ##........   100%        8    #######
 Poisonous Vapours        Pois/Air       ##....       9%          2    None


Dungeon Overview and Level Annotations

Branches:
Dungeon (9/15)             Temple (1/1) D:4            Lair (6/6) D:9
  Swamp (0/4) Lair:2        Snake (0/4) Lair:2          Orc (1/2) D:9
  Slime: Lair:5-6

Altars:
Ashenzari
Cheibriados
Dithmenos
Elyvilon
Fedhas
Gozag
Hepliaklqana
Kikubaaqudgha
Makhleb
Nemelex Xobeh
Okawaru
Qazlal
Ru
Sif Muna
Trog
Uskayaw
Vehumet
Wu Jian
Xom
Yredelemnul
Zin
The Shining One
Lugonu

Shops:
D:9 (

Annotations:
D:7 3 runed doors, Hebeh's ghost, novice DECj
Lair:1 exclusion: 2 oklob plants
Lair:2 1 exclusion
Lair:4 Nergalle
Lair:5 exclusion: 5 oklob plants


Innate Abilities, Weirdness & Mutations

You have a beak for a mouth.
You have claws for feet.
You can fly.


Message History

The dire elephant completely misses you.
The dire elephant trunk-slaps you.
You hit the dire elephant.
Lightning courses through the dire elephant!
The dire elephant is almost dead.
The dire elephant burns! x2; The dire elephant tramples you!
* * * LOW HITPOINT WARNING * * *
You stumble backwards!
Splash!
You fall into the shallow water.
Moving in this stuff is going to be slow.
The dire elephant tramples you!
* * * LOW HITPOINT WARNING * * *
You hold your ground!
The dire elephant trunk-slaps you but does no damage.
The dire elephant burns!
The flames covering the dire elephant go out.
The dire elephant stops burning.
The dire elephant misses you. The dire elephant trunk-slaps you!
You die...

### ####.## ##...... ##.......
#.....#.# #### ####
###############''##'###
...##.(.###[...##≈≈.##8....#8.8#
...†.....#.....)@Y≈..'.†...#...#
#..#.....#.....'≈≈≈≈.#8.####.#.#
####.....##)...#≈≈≈≈.####....#'##
...#....(#######.≈≈≈≈#....####...
##.###..###8.8###.≈###.#### #...
##...#####8.⌠.8#####...##♣♣♣##...
.###................P###....♣####
..♣########+++########♣.......♣##
......♣..........................


You could see a dire elephant.

Vanquished Creatures
  2 dire elephants (Lair:6)
  An anaconda (Lair:6)
  3 hydras
  A two-headed ogre (D:9)
  3 death yaks (Lair:6)
  4 elephants (Lair:6)
  6 black mambas
  2 torpor snails
  8 spiny frogs
  6 komodo dragons
  A queen bee (Lair:2)
  A troll (D:9)
  Grinder (D:3)
  20 blink frogs
  5 hippogriffs
  16 yaks
  2 fire bats (Lair:4)
  Eustachio (D:4)
  A hungry ghost (D:7)
  5 nagas (Lair:2)
  9 water moccasins
  2 porcupines
  4 ice beasts
  A sky beast (D:9)
  4 orc warriors
  An eye of draining (D:8)
  A phantom (D:8)
  2 ogres
  17 wolves
  2 centaurs (D:9)
  7 crocodiles
  A big kobold (D:8)
  10 bullfrogs
  A gnoll sergeant (D:6)
  A wyvern zombie (D:6)
  A scorpion (D:6)
  28 killer bees
  3 wights (D:8)
  An electric eel (D:8)
  2 bullfrog zombies (D:7)
  A crimson imp (D:8)
  3 hounds
  A jelly (D:7)
  A centaur skeleton (D:4)
  2 orc priests
  2 orc wizards
  An iguana (D:8)
  4 worker ants
  A killer bee zombie (D:8)
  A hound zombie (D:5)
  8 adders
  10 gnolls
  A shadow imp (D:6)
  2 oozes
  An adder zombie (D:8)
  An adder skeleton (D:5)
  2 worms (D:3)
  3 dart slugs
  3 leopard geckos
  27 orcs
  8 bats
  5 giant cockroaches
  5 goblins
  9 hobgoblins
  5 jackals
  4 quokkas
  4 frilled lizards
  17 kobolds
  6 rats
  3 plants
328 creatures vanquished.

Vanquished Creatures (others)
  A wizard (D:4)
  10 fungi
  14 plants
25 creatures vanquished.

Grand Total: 353 creatures vanquished

Notes
Turn   | Place    | Note
-------+----------+-------------------------------------------
     0 | D:1      | iamserjio the Tengu Fire Elementalist began the quest for the Orb.
     0 | D:1      | Reached XP level 1. HP: 10/10 MP: 4/4
   123 | D:1      | Reached XP level 2. HP: 15/15 MP: 3/6
   262 | D:2      | Reached XP level 3. HP: 19/19 MP: 5/7
   525 | D:3      | Reached skill level 5 in Fighting
   525 | D:3      | Reached XP level 4. HP: 3/32 MP: 3/8
   526 | D:3      | Upgraded the game from 0.22-a0-782-g038298e to 0.22-a0-799-g88f5e90
   534 | D:3      | Gained mutation: You can fly. [Tengu growth]
   534 | D:3      | Reached XP level 5. HP: 8/36 MP: 1/15
   672 | D:3      | Learned a level 3 spell: Conjure Flame
   678 | D:3      | Learned a level 5 spell: Fireball
   707 | D:3      | Reached XP level 6. HP: 41/41 MP: 12/17
   945 | D:4      | Found a hazy altar of Hepliaklqana.
   945 | D:4      | Found a glowing silver altar of Zin.
   945 | D:4      | Found an opulent altar of Gozag.
   946 | D:4      | Found an ancient bone altar of Kikubaaqudgha.
   947 | D:4      | Found a shimmering altar of Xom.
   948 | D:4      | Found a bloodstained altar of Trog.
  1022 | D:4      | Found a staircase to the Ecumenical Temple.
  1031 | Temple   | Entered the Ecumenical Temple
  1186 | D:5      | Entered Level 5 of the Dungeon
  1361 | D:5      | Noticed an ice beast
  1365 | D:5      | Killed an ice beast
  1365 | D:5      | Reached XP level 7. HP: 45/45 MP: 15/18
  1373 | D:5      | Learned a level 4 spell: Sticky Flame
  1593 | D:4      | Noticed Eustachio
  1598 | D:4      | Killed Eustachio
  1634 | D:4      | Found a bloodstained altar of Trog.
  1635 | D:4      | Noticed a wizard
  1641 | D:4      | Killed a wizard
  2204 | D:6      | Found a white marble altar of Elyvilon.
  2286 | D:6      | Found a glowing golden altar of the Shining One.
  2311 | D:6      | Learned a level 3 spell: Mephitic Cloud
  2357 | D:6      | Reached XP level 8. HP: 37/51 MP: 5/20
  2586 | D:7      | Found a runed gate.
  2586 | D:7      | Found a runed gate.
  2586 | D:7      | Found a runed gate.
  2586 | D:7      | Noticed Hebeh's ghost (novice DECj)
  2596 | D:7      | Noticed a hippogriff
  2604 | D:7      | Killed a hippogriff
  2936 | D:7      | Reached XP level 9. HP: 37/55 MP: 1/22
  3019 | D:8      | Learned a level 2 spell: Throw Flame
  3022 | D:8      | Learned a level 2 spell: Blink
  3077 | D:8      | Found a burning altar of Makhleb.
  3078 | D:8      | Found a shattered altar of Ashenzari.
  3081 | D:8      | Found an iron altar of Okawaru.
  3083 | D:8      | Found a sparkling altar of Nemelex Xobeh.
  3084 | D:8      | Found a shadowy altar of Dithmenos.
  3085 | D:8      | Found a snail-covered altar of Cheibriados.
  3087 | D:8      | Found an ornate altar of the Wu Jian Council.
  3088 | D:8      | Found a glowing golden altar of the Shining One.
  3222 | D:8      | Reached skill level 10 in Conjurations
  3995 | D:9      | Found Zoshredorph's Weapon Emporium.
  3995 | D:9      | Found a staircase to the Orcish Mines.
  4004 | D:9      | Noticed a troll
  4021 | D:9      | Killed a troll
  4248 | D:6      | Reached XP level 10. HP: 36/60 MP: 23/23
  4471 | D:3      | Noticed Grinder
  4481 | D:3      | Killed Grinder
  4511 | D:3      | Found a radiant altar of Vehumet.
  4516 | D:3      | Became a worshipper of Vehumet
  4711 | Orc:1    | Entered Level 1 of the Orcish Mines
  4714 | Orc:1    | Noticed a two-headed ogre
  4760 | D:9      | Killed a two-headed ogre
  4760 | D:9      | Reached skill level 10 in Fire Magic
  4985 | D:9      | Found a staircase to the Lair.
  4991 | Lair:1   | Entered Level 1 of the Lair of Beasts
  5081 | Lair:1   | Noticed a spiny frog
  5090 | Lair:1   | Killed a spiny frog
  5143 | Lair:1   | Noticed an oklob plant
  5143 | Lair:1   | Noticed a five-headed hydra
  5143 | Lair:1   | Noticed an oklob plant
  5154 | Lair:1   | Noticed a black mamba
  5164 | Lair:1   | Killed a black mamba
  5187 | Lair:1   | Killed a five-headed hydra
  5187 | Lair:1   | Reached XP level 11. HP: 37/64 MP: 3/25
  5196 | Lair:1   | Reached * piety under Vehumet
  5196 | Lair:1   | Offered knowledge of Freeze by Vehumet.
  5509 | Lair:1   | Reached skill level 10 in Spellcasting
  5651 | Lair:2   | Found a staircase to the Swamp.
  5710 | Lair:2   | Found a staircase to the Snake Pit.
  5765 | Lair:2   | Reached ** piety under Vehumet
  5765 | Lair:2   | Offered knowledge of Shock by Vehumet.
  5892 | Lair:2   | Noticed a five-headed hydra
  5994 | Lair:2   | Killed a five-headed hydra
  6017 | Lair:2   | Offered knowledge of Ignite Poison by Vehumet.
  6025 | Lair:2   | Reached XP level 12. HP: 24/70 MP: 11/28
  6222 | Lair:3   | Reached *** piety under Vehumet
  6531 | Lair:4   | Offered knowledge of Olgreb's Toxic Radiance by Vehumet.
  6630 | Lair:4   | Noticed Nergalle
  6668 | Lair:6   | Entered Level 6 of the Lair of Beasts
  6838 | Lair:6   | Noticed a death yak
  6840 | Lair:6   | Noticed a death yak
  6852 | Lair:6   | Noticed a death yak
  6854 | Lair:6   | Killed a death yak
  6854 | Lair:6   | Noticed a death yak
  6855 | Lair:6   | Noticed a death yak
  6855 | Lair:6   | Noticed a death yak
  6868 | Lair:6   | Killed a death yak
  6923 | Lair:6   | Killed a death yak
  6955 | Lair:6   | Learned a level 2 spell: Passwall
  6983 | Lair:6   | Reached **** piety under Vehumet
  7010 | Lair:6   | Reached XP level 13. HP: 23/74 MP: 5/30
  7138 | Lair:5   | Offered knowledge of Iskenderun's Mystic Blast by Vehumet.
  7660 | Lair:6   | Learned a level 4 spell: Iskenderun's Mystic Blast
  7889 | Lair:6   | Noticed a dire elephant
  7889 | Lair:6   | Noticed a dire elephant
  7901 | Lair:6   | Killed a dire elephant
  7916 | Lair:6   | Killed a dire elephant
  7919 | Lair:6   | Noticed a dire elephant
  7939 | Lair:6   | Identified Noablewu's Grimoire of the Entourage and the Voyage
  7998 | Lair:6   | Slain by a dire elephant

Vault maps used:
D:1:      dpeg_arrival_three_same_balls
D:2:      first_ration
D:3:      lemuel_doored_altar, uniq_grinder
D:4:      grunt_temple_overflow_open, minmay_temple_entry_glassed_door,
          trog_wizard, uniq_eustachio
D:5:      corexii_shack_village, abandoned_shop
D:6:      elyvilon_altar_1, nicolae_tso_carved_into_rock
D:7:      ebering_ghost_rock_garden, hangedman_decor_lopped
D:8:      cheibrodos_helix_gallery, minitemple, special_room
D:9:      lair_entry_dummy, orc_david_3
Temple:   corrupted_temple
Lair:1:   minivault_25, minmay_lair_oklob_chamber
Lair:2:   minmay_swamp_entry_worms, minmay_snake_entry_guardpost_medium,
          lemuel_fruit_tree
Lair:3:   minivault_26
Lair:4:   grunt_megastairs_2, uniq_nergalle
Lair:5:   minmay_slime_entry_oklob_enclosed, bh_chokoban, dpeg_oklob_1,
          grunt_megastairs_4
Lair:6:   due_jungle_book
Orc:1:    uniq_snorg

Skill      XL: |  1  2  3  4  5  6  7  8  9 10 11 12 13 |
---------------+----------------------------------------+-----
Conjurations   | 2 3 8 9 11 12 13 | 13.2
Fighting       | 5 6 |  6.0
Fire Magic     | 7 8 9 10 11 12 13 | 13.7
Dodging        | 6 8 |  8.4
Spellcasting   | 7 8 9 11 12 | 12.4
Stealth        | |  2.0

Action                   |  1- 3 |  4- 6 |  7- 9 | 10-12 | 13-15 || total
-------------------------+-------+-------+-------+-------+-------++-------
Melee: Spear             |    52 |    14 |    21 |       |       ||    87
       Kick              |     5 |     3 |    23 |    87 |    36 ||   154
       Peck              |     6 |     2 |    17 |    46 |    29 ||   100
       Whip              |       |       |    51 |     3 |       ||    54
       Mace              |       |       |    13 |       |       ||    13
       Falchion          |       |       |    15 |   207 |    99 ||   321
       Trident           |       |       |       |     9 |       ||     9
 Cast: Flame Tongue      |    28 |    47 |   157 |    61 |    23 ||   316
       Fireball          |       |     1 |    14 |    25 |    11 ||    51
       Sticky Flame      |       |       |    14 |    59 |    32 ||   105
       Conjure Flame     |       |       |     9 |    19 |     3 ||    31
       Throw Flame       |       |       |     2 |       |       ||     2
 Abil: Fly               |       |       |       |     5 |     1 ||     6
Evoke: Wand              |       |       |    10 |    14 |     4 ||    28
       Phial of floods   |       |       |       |       |     1 ||     1
  Use: Potion            |     1 |     1 |       |     4 |     1 ||     7
       Scroll            |       |       |    16 |     8 |     2 ||    26
 Stab: Sleeping          |     4 |       |     2 |     3 |       ||     9
       Paralysed         |       |       |       |     2 |       ||     2
  Eat: Chunk             |       |     2 |     7 |    12 |     7 ||    28
       Ration            |       |       |     2 |     2 |       ||     4
Armor: Robe              |    14 |     4 |    15 |     2 |     3 ||    38
       Troll leather arm |       |       |       |    46 |    15 ||    61
Dodge: Dodged            |    43 |    28 |   119 |   289 |    90 ||   569
       Rpst.: Falchion   |       |       |     7 |    92 |    12 ||   111

Table legend:
 A = Spawn XP
 B = Non-spawn XP
 C = Spawn XP percentage of total XP
 D = Spawn monster count
 E = Non-spawn monster count
 F = Spawn count percentage of total count
 G = Total turns spent on level
                    A         B        C        D         E        F      G
               +---------+---------+-------+---------+---------+-------+---------
         Total |       0 |   43757 |   0.0 |       0 |     325 |   0.0 |  7998
               +---------+---------+-------+---------+---------+-------+---------
           D:1 |       0 |      36 |   0.0 |       0 |      17 |   0.0 |   306
           D:2 |       0 |      34 |   0.0 |       0 |      13 |   0.0 |   292
           D:3 |       0 |     368 |   0.0 |       0 |      17 |   0.0 |   518
           D:4 |       0 |     315 |   0.0 |       0 |      10 |   0.0 |   673
           D:5 |       0 |     321 |   0.0 |       0 |      27 |   0.0 |   617
           D:6 |       0 |     417 |   0.0 |       0 |      17 |   0.0 |   451
           D:7 |       0 |    1471 |   0.0 |       0 |      23 |   0.0 |   829
           D:8 |       0 |    1076 |   0.0 |       0 |      31 |   0.0 |   792
           D:9 |       0 |    2207 |   0.0 |       0 |      19 |   0.0 |   481
        Lair:1 |       0 |    4033 |   0.0 |       0 |      16 |   0.0 |   343
        Lair:2 |       0 |    7229 |   0.0 |       0 |      49 |   0.0 |   656
        Lair:3 |       0 |    2705 |   0.0 |       0 |      13 |   0.0 |   327
        Lair:4 |       0 |    4682 |   0.0 |       0 |      20 |   0.0 |   331
        Lair:5 |       0 |    4939 |   0.0 |       0 |      19 |   0.0 |   459
        Lair:6 |       0 |   13756 |   0.0 |       0 |      31 |   0.0 |   891
         Orc:1 |       0 |     168 |   0.0 |       0 |       3 |   0.0 |     8
               +---------+---------+-------+---------+---------+-------+---------
